 Dungeon Sprint DCSS version 0.30.1-11-g7821555f0a (webtiles) character file.

Game seed: 5148161085097413932

548 Groucho the Thaumaturge (level 7, -9/36 HPs)
             Began as a Deep Elf Earth Elementalist on Jan 1, 2024.
             Was a High Priest of Sif Muna.
             Mangled by a deep troll (12 damage)
             ... in the Dungeon (Sprint VII: "The Pits").
             The game lasted 00:04:39 (1731 turns).

Groucho the Thaumaturge (DEEE)                      Turns: 1731, Time: 00:04:40

Health: -9/36      AC:  2    Str:  5    XL:     7   Next: 7%
Magic:  11/24      EV: 12    Int: 22    God:    Sif Muna [*****.]
Gold:   0          SH:  0    Dex: 15    Spells: 21/29 levels left

rFire   . . .        h - +2 dagger
rCold   . . .        (no shield)
rNeg    . . .        a - +0 robe
rPois   .            (no helmet)
rElec   .            (no cloak)
rCorr   .            (no gloves)
SInv    .            (no boots)
Will    .....        (no amulet)
Stlth   ++           (no ring)
HPRegen 0.26/turn    (no ring)
MPRegen 0.19/turn

%: no teleportation
@: no status effects
A: no striking features
a: Renounce Religion, Channel Magic, Forget Spell, Divine Exegesis


You were in the Dungeon.
You worshipped Sif Muna.
Sif Muna was extremely pleased with you.
You visited 1 branch

Inventory:

Hand Weapons
 h - a +2 dagger (weapon)
Armour
 a - a +0 robe (worn)
 l - a +3 ring mail
Scrolls
 g - a scroll of blinking
 j - 5 scrolls of amnesia
 k - a scroll of summoning
Potions
 b - 5 potions of magic
 c - 6 potions of curing
 d - 4 potions of heal wounds
 e - a potion of haste
 f - 3 potions of berserk rage
 i - 2 potions of invisibility


   Skills:
 + Level 0.0 Fighting
 + Level 0.0 Short Blades
 - Level 2.4 Dodging
 + Level 2.4 Stealth
 + Level 11.7 Spellcasting
 + Level 6.7 Conjurations
 + Level 7.1 Transmutations
 - Level 10.0 Earth Magic


You had 21 spell levels left.
You knew the following spells:

 Your Spells              Type           Power      Damage    Failure   Level
a - Sandblast             Erth           100%       2d20      1%          1
b - Stone Arrow           Conj/Erth      98%        3d13      1%          3
c - Petrify               Tmut/Erth      50%        N/A       1%          4

Your spell library contained the following spells:

 Spells                   Type           Power      Damage    Failure   Level
 Passwall                 Tmut/Erth      41%        N/A       1%          2
 Animate Armour           Summ/Erth      68%        N/A       6%          4
 Call Imp                 Summ           24%        N/A       8%          2
 Ice Form                 Ice/Tmut       28%        N/A       12%         4
 Summon Forest            Summ/Tloc      6%         N/A       80%         5
 Eringya's Noxious Bog    Tmut/Pois      14%        N/A       87%         6
 Summon Horrible Things   Summ           6%         N/A       100%        8


Dungeon Overview and Level Annotations

Branches:
Dungeon (1/1)

Altars:
Ashenzari
Cheibriados
Dithmenos
Elyvilon
Fedhas
Gozag
Hepliaklqana
Kikubaaqudgha
Makhleb
Nemelex Xobeh
Okawaru
Qazlal
Ru
Sif Muna
Trog
Uskayaw
Vehumet
Wu Jian
Xom
Yredelemnul
Zin
The Shining One
Jiyva
Lugonu


Message History

Aim: a deep troll (chance to affect: 54%)
The deep troll is moving more slowly.
Unknown command.
The deep troll stops moving altogether!
The helpless deep troll fails to defend itself.
You puncture the deep troll!
The deep troll is lightly wounded.
The helpless deep troll fails to defend itself.
You hit the deep troll.
The deep troll is lightly wounded.
The helpless deep troll fails to defend itself.
You hit the deep troll.
The deep troll is lightly wounded.
The helpless deep troll fails to defend itself.
You puncture the deep troll!
The deep troll is lightly wounded.
The helpless deep troll fails to defend itself.
You puncture the deep troll!
The deep troll is moderately wounded.
The helpless deep troll fails to defend itself.
You hit the deep troll.
The deep troll is moderately wounded.
The helpless deep troll fails to defend itself.
You puncture the deep troll!
The deep troll is moderately wounded.
The helpless deep troll fails to defend itself.
You hit the deep troll.
The deep troll is heavily wounded.
The helpless deep troll fails to defend itself.
You puncture the deep troll!
The deep troll is heavily wounded.
The deep troll is no longer petrified.
The deep troll bites you! The deep troll claws you.
The deep troll barely misses you.
The deep troll attacks as you move away!
The deep troll bites you!
* * * LOW HITPOINT WARNING * * *
The deep troll claws you!
* * * LOW HITPOINT WARNING * * *
The deep troll claws you!
You die...

_________.#
_______...#######
##########'##.....
#.?(.')))'.##.....
##########.##.....
#...........'.....
#'#####)#####.....
#.#..#...'.##.....
#@#..#...#.#####'#
#T#..#####†##.....
#.#..'...#.##.....
#.#..'...†.##.....
#.#..########...<.
#.#..'.))).##.....
#.#..#.)))[##.....
#'###########.....
#.......#.. ######


You could see a deep troll.

Vanquished Creatures
  A redback (D)
  A water moccasin (D)
  A floating eye (D)
  A necrophage (D)
  A crimson imp (D)
  A jelly (D)
  An iron imp (D)
  An iguana (D)
  A gnoll (D)
  A river rat (D)
  An ufetubus (D)
  A worm (D)
  An orc (D)
  A bat skeleton (D)
  A giant cockroach (D)
  5 jackals (D)
  A quokka (D)
  A frilled lizard (D)
  A quokka skeleton (D)
  A rat (D)
24 creatures vanquished.

Notes
Turn   | Place    | Note
-------+----------+-------------------------------------------
     0 | D        | Groucho the Deep Elf Earth Elementalist began the quest for
                  | the Orb.
     0 | D        | Reached XP level 1. HP: 10/10 MP: 6/6
    10 | D        | Reached skill level 4 in Spellcasting
    35 | D        | Found a glowing golden altar of the Shining One.
    35 | D        | Found a glowing silver altar of Zin.
    35 | D        | Found a basalt altar of Yredelemnul.
    35 | D        | Found a shimmering altar of Xom.
    35 | D        | Found an ornate altar of the Wu Jian Council.
    35 | D        | Found a bloodstained altar of Trog.
    35 | D        | Found a shimmering blue altar of Sif Muna.
    35 | D        | Found a sacrificial altar of Ru.
    35 | D        | Found a stormy altar of Qazlal.
    35 | D        | Found an iron altar of Okawaru.
    35 | D        | Found a sparkling altar of Nemelex Xobeh.
    35 | D        | Found a burning altar of Makhleb.
    35 | D        | Found a viscous altar of Jiyva.
    35 | D        | Found a hazy altar of Hepliaklqana.
    35 | D        | Found an opulent altar of Gozag.
    35 | D        | Found a blossoming altar of Fedhas.
    35 | D        | Found a white marble altar of Elyvilon.
    35 | D        | Found a shadowy altar of Dithmenos.
    35 | D        | Found a snail-covered altar of Cheibriados.
    36 | D        | Found a radiant altar of Vehumet.
    36 | D        | Found a corrupted altar of Lugonu.
    37 | D        | Found an ancient bone altar of Kikubaaqudgha.
    37 | D        | Found a hide-covered altar of Uskayaw.
    37 | D        | Found a broken altar of Ashenzari.
    38 | D        | Became a worshipper of Sif Muna the Loreminder
    48 | D        | Reached XP level 2. HP: 9/15 MP: 5/9
    48 | D        | Reached * piety under Sif Muna
    49 | D        | Reached skill level 5 in Spellcasting
   209 | D        | Reached skill level 5 in Earth Magic
   442 | D        | Noticed a necrophage
   451 | D        | Reached ** piety under Sif Muna
   453 | D        | Reached skill level 6 in Spellcasting
   458 | D        | Killed a necrophage
   458 | D        | Reached *** piety under Sif Muna
   459 | D        | Reached skill level 8 in Spellcasting
   459 | D        | Reached XP level 3. HP: 13/19 MP: 3/14
   459 | D        | Reached XP level 4. HP: 16/24 MP: 3/16
   553 | D        | Learned a level 3 spell: Stone Arrow
   614 | D        | Reached skill level 1 in Conjurations
   742 | D        | Reached skill level 9 in Spellcasting
   742 | D        | Reached XP level 5. HP: 28/28 MP: 9/18
  1000 | D        | Learned a level 4 spell: Petrify
  1012 | D        | Reached **** piety under Sif Muna
  1313 | D        | Noticed a redback
  1317 | D        | Killed a redback
  1317 | D        | Reached ***** piety under Sif Muna
  1317 | D        | Received a gift from Sif Muna
  1318 | D        | Reached skill level 10 in Spellcasting
  1318 | D        | Reached skill level 5 in Conjurations
  1318 | D        | Reached skill level 5 in Transmutations
  1318 | D        | Reached XP level 6. HP: 28/32 MP: 10/21
  1318 | D        | Got Sif Muna's Discourse on Summoned Transmogrification
                  | {god gift}
  1382 | D        | Noticed a water moccasin
  1382 | D        | Noticed a floating eye
  1383 | D        | Paralysed by a floating eye for 4 turns
  1390 | D        | Paralysed by a floating eye for 4 turns
  1394 | D        | Killed a floating eye
  1395 | D        | Reached skill level 11 in Spellcasting
  1396 | D        | Killed a water moccasin
  1397 | D        | Reached skill level 10 in Earth Magic
  1397 | D        | Reached XP level 7. HP: 36/36 MP: 8/24
  1695 | D        | Noticed a deep troll
  1731 | D        | Mangled by a deep troll

Illustrated notes

Levels and vault maps discovered:
D:        pitsprint [storerooms_1, entrance_room_1, metal_vault_7, armoury_2,
          mini_pit_1, grid_room_1, main_hall_1, silver_pit, the_coven_3,
          the_vestibule_1, steel_vault_1, golden_pit, hallway_of_sentries,
          crystal_vault_4, iron_vault_1, final_vault]

Skill      XL: |  1  2  3  4  5  6 |
---------------+-------------------+-----
Spellcasting   | 4 8 9 10 11 | 11.7
Earth Magic    | 4 7 8 9 10 | 10.0
Conjurations   | 2 5 6 |  6.7
Transmutations | 3 5 7 |  7.1
Dodging        | |  2.4
Stealth        | |  2.4

Action                     |  1- 3 |  4- 6 |  7- 9 || total
---------------------------+-------+-------+-------++-------
  Melee: Dagger            |       |       |     9 ||     9
   Cast: Sandblast         |    19 |     8 |     1 ||    28
         Stone Arrow       |       |    13 |     2 ||    15
         Petrify           |       |       |     4 ||     4
    Use: Potion            |     1 |     1 |       ||     2
   Stab: Petrified         |       |       |     9 ||     9
 Armour: Robe              |     2 |     1 |       ||     3
  Dodge: Dodged            |     6 |     3 |     2 ||    11
